 Dungeon Crawl Stone Soup version 0.30-a0-141-g30f27751c5 (webtiles) character file.

Game seed: 8600560443610577432

18414 qw the Cleaver (level 12, -1/77 HPs)
             Began as a Gargoyle Fighter on Sept 25, 2022.
             Was a High Priest of Okawaru.
             Slain by a six-headed hydra (5 damage)
             ... on level 3 of the Lair of Beasts.
             The game lasted 00:05:02 (14255 turns).

qw the Cleaver (Gargoyle Fighter)                  Turns: 14255, Time: 00:05:02

Health: -1/77      AC: 20    Str: 28    XL:     12   Next: 58%
Magic:  12/19      EV: 10    Int:  9    God:    Okawaru [*****.]
Gold:   662        SH:  6    Dex:  8    Spells: 11/11 levels left

rFire   . . .      SeeInvis .    x - -1 demon whip (venom)
rCold   . . .      Faith    .    c - +0 buckler
rNeg    + . .      Spirit   .    k - +0 chain mail
rPois   inf        Reflect  .    (no helmet)
rElec   +          Harm     .    (no cloak)
rCorr   .          Rampage  .    (no gloves)
Will    .....                    (no boots)
Stlth   ..........               (no amulet)
HPRegen 0.22/turn                i - +4 ring of slaying {mikee}
MPRegen 0.16/turn                (no ring)

@: about to teleport, heroic, finesse-ful, very slow
A: sickness immunity, AC +8, negative energy resistance 1, electricity
resistance, torment resistance 1, petrification resistance, mutation resistance
1, strong 1
a: Renounce Religion, Heroism, Finesse, Duel


You were on level 3 of the Lair of Beasts.
You worshipped Okawaru.
Okawaru was extremely pleased with you.
You visited 3 branches of the dungeon, and saw 12 of its levels.
You also visited: Ossuary.

You collected 662 gold pieces.


Innate Abilities, Weirdness & Mutations

You are immune to sickness and miasma.
Your stone body is resilient. (AC +8)
You are immune to poison.
You resist negative energy. (rN+)
You are resistant to electric shocks. (rElec)
You are resistant to unholy torment.
You are immune to petrification.
You are somewhat resistant to further mutation.
Your muscles are strong. (Str +4, Int/Dex -1)


   Skills:
 - Level 10.0(15.0) Fighting
 - Level 13.0(18.0) Axes
 + Level 3.7(8.7) Throwing
 - Level 6.0(11.0) Armour
 - Level 2.0(7.0) Dodging
 - Level 6.0(11.0) Shields
 + Level 9.8 Invocations


You had 11 spell levels left.
You didn't know any spells.
Your spell library was empty.

Inventory:

Hand Weapons
 x - a -1 demon whip of venom (weapon)
 Y - a +4 war axe of draining
Missiles
 e - 5 javelins (quivered)
 u - 3 boomerangs
Armour
 c - a +0 buckler (worn)
 k - a +0 chain mail (worn)
Jewellery
 h - a ring of fire
 i - a +4 ring of slaying (left hand) {mikee}
 v - a ring of fire
 w - a ring of positive energy
Scrolls
 b - a scroll of identify
 r - a scroll of enchant armour
Potions
 a - a potion of magic
 d - 4 potions of might
 f - 3 potions of attraction
 g - 4 potions of heal wounds
 j - 2 potions of mutation
 m - 2 potions of lignification
 n - a potion of resistance
 o - a potion of curing
 q - a potion of cancellation {unknown}
 s - a potion of haste
 t - a potion of flight {unknown}

Dungeon Overview and Level Annotations

Branches:
Dungeon (8/15)             Temple (1/1) D:5            Lair (3/5) D:8
 Spider (0/4) Lair:2      Ossuary (visited)
  Swamp: Lair:2-3    Shoals: Lair:2-3

Altars:
Ashenzari
Cheibriados
Dithmenos
Elyvilon
Fedhas
Gozag
Hepliaklqana
Kikubaaqudgha
Makhleb
Okawaru
Qazlal
Ru
Sif Muna
Trog
Uskayaw
Vehumet
Wu Jian
Xom
Yredelemnul
Zin
The Shining One

Annotations:
D:7 3 runed translucent doors, qw's ghost, novice GrFi
Lair:1 3 runed translucent doors, Olid's ghost, journeyman DrCj


Message History

Enter note: A six-headed hydra comes into view.
14251 ||| Stepping ~*~*~tactically~*~*~ (stealth).
A komodo dragon and a swamp worm come into view.
The komodo dragon hisses angrily.
You hear a roar!
You hear an angry hiss.
The swamp worm fires a harpoon shot at you.
The harpoon shot hits you.
You are yanked forward by the harpoon shot.
Splash!
You fall into the shallow water.
Moving in this stuff is going to be slow.
A seven-headed hydra comes into view.
The six-headed hydra roars!
14252 ||| INVOKING Heroism.
You gain the combat prowess of a mighty hero.
The seven-headed hydra roars!
The swamp worm bites you!
You block the six-headed hydra's attack.
The six-headed hydra bites you! The six-headed hydra misses you.
The six-headed hydra barely misses you.
The six-headed hydra closely misses you.
The six-headed hydra bites you but does no damage.
The komodo dragon hisses menacingly.
You block the komodo dragon's attack.
14253 ||| SWAPPING to -1 demon whip of venom.
Your -1 demon whip of venom begins to drip with poison!
x - a -1 demon whip of venom (weapon)
The swamp worm bites you!
14254 ||| INVOKING Finesse.
You can now deal lightning-fast blows.
The six-headed hydra bites you but does no damage.
The six-headed hydra bites you! The six-headed hydra bites you.
The six-headed hydra bites you but does no damage.
The six-headed hydra bites you! x2; The swamp worm closely misses you.
The komodo dragon bites you!
14255 ||| READING scroll of teleportation.
As you read the scroll of teleportation, it crumbles to dust.
You feel strangely unstable. The six-headed hydra bites you.
You die... 7......#.... 7.<........ 7.......... 7777

7.........# ...77
7.#......##
7777...77
7#..###.##
77~~~D...7
#.#..####
7~~~wDl~77##.P.P#
7~~~~@~~~77...P.#
7~~~~~~...77.##P#
7777777..77...###
#.....### #.##.##
###


You could see a seven-headed hydra, a six-headed hydra, a komodo dragon and a
swamp worm.

Vanquished Creatures
  A boulder beetle (Lair:2)
  A two-headed ogre (D:8)
  Urug (Lair:1)
  Amaemon (Lair:3)
  An oklob plant (Lair:2)
  A gargoyle (D:8)
  2 black mambas
  An orange demon (Lair:3)
  5 cane toads
  A rime drake (Lair:3)
  5 komodo dragons
  7 blink frogs (Lair:2)
  2 culicivoras (Lair:2)
  3 wyverns
  2 basilisks
  15 yaks
  A steam dragon (Lair:3)
  3 wargs (D:8)
  9 water moccasins
  2 orc warriors (D:8)
  2 sky beasts
  2 black bears
  2 ice beasts
  9 wolves
  An ogre (D:5)
  2 centaurs
  A phantom (D:5)
  3 kobold brigands
  Blork the orc (D:4)
  11 bullfrogs
  2 necrophages
  5 scorpions
  12 wights
  9 killer bees
  3 centaur zombies (Ossuary)
  2 hounds
  A gnoll bouda (D:6)
  5 orc priests
  3 jellies
  Natasha (thrice) (D:2)
  An iguana (D:5)
  9 orc wizards
  4 hell rats (Lair:2)
  A statue (D:7)
  2 ogre zombies (Ossuary)
  7 mummies (Ossuary)
  30 gnolls
  9 adders
  2 shadow imps
  A white imp (D:7)
  An ufetubus (D:7)
  5 adder zombies (Ossuary)
  A worm (D:2)
  6 dart slugs
  47 orcs
  11 endoplasms
  4 giant cockroaches
  A gnoll zombie (Ossuary)
  2 goblins
  4 hobgoblins
  13 jackals (D:4)
  6 quokkas
  8 ball pythons
  7 bats
  2 frilled lizards (D:2)
  2 goblin zombies (Ossuary)
  5 hobgoblin zombies (Ossuary)
  41 kobolds
  4 kobold zombies
  4 quokka zombies (Ossuary)
  6 rats
  5 rat zombies (Ossuary)
394 creatures vanquished.

Vanquished Creatures (others)
  9 fungi
  35 plants
44 creatures vanquished.

Grand Total: 438 creatures vanquished

Notes
Turn   | Place    | Note
-------+----------+-------------------------------------------
     0 | D:1      | qw the Gargoyle Fighter began the quest for the Orb.
     0 | D:1      | Reached XP level 1. HP: 14/14 MP: 1/1
     0 | D:1      | 0 ||| qw: Version: 0.2-a-10-g399e6c4
     0 | D:1      | 0 ||| qw: Game counter: 138
     0 | D:1      | 0 ||| qw: Always use a shield: true
     0 | D:1      | 0 ||| qw: God list: Okawaru
     0 | D:1      | 0 ||| qw: Allow faded altars: false
     0 | D:1      | 0 ||| qw: Do Orc after D:15 true
     0 | D:1      | 0 ||| qw: Do second Lair branch before Depths: true
     0 | D:1      | 0 ||| qw: Lair rune preference: random
     0 | D:1      | 0 ||| qw: Plans: Normal, Zot:1-4, God:TSO, Crypt, Tomb,
                  | Pan, Slime:5, Hells, Abyss, Orb
     0 | D:1      | 0 ||| PLANNING D:1-11
    29 | D:1      | Reached skill level 2 in Axes
   326 | D:1      | Reached XP level 2. HP: 19/19 MP: 2/2
   720 | D:1      | 720 ||| Stepping ~*~*~tactically~*~*~ (stealth).
   805 | D:1      | Reached skill level 3 in Axes
   827 | D:1      | Reached XP level 3. HP: 19/23 MP: 3/3
  1033 | D:1      | 1033 ||| UPGRADING to +0 chain mail.
  1043 | D:1      | 1043 ||| DROPPING +0 scale mail.
  1044 | D:1      | 1044 ||| UPGRADING to +4 ring of slaying {mikee}.
  1045 | D:1      | 1045 ||| READING scroll labelled OXADEO ISMEUFY.
  1046 | D:1      | 1046 ||| READING scroll labelled UMAZEK PORCHA.
  1047 | D:1      | 1047 ||| READING scroll labelled IGOTZE VOCAUSU.
  1048 | D:1      | 1048 ||| READING scroll labelled QAUZUUFOKE.
  1345 | D:2      | 1345 ||| Stepping ~*~*~tactically~*~*~ (stealth).
  1398 | D:2      | Noticed Natasha
  1400 | D:2      | 1400 ||| Stepping ~*~*~tactically~*~*~ (hiding).
  1403 | D:2      | Killed Natasha
  1404 | D:2      | Reached skill level 4 in Axes
  1404 | D:2      | Reached XP level 4. HP: 22/28 MP: 4/4
  1418 | D:2      | 1418 ||| Stepping ~*~*~tactically~*~*~ (stealth).
  1419 | D:2      | Noticed a scorpion
  1420 | D:2      | 1420 ||| Stepping ~*~*~tactically~*~*~ (stealth).
  1430 | D:2      | 1430 ||| Stepping ~*~*~tactically~*~*~ (stealth).
  1439 | D:2      | Killed a scorpion
  1440 | D:2      | Reached XP level 5. HP: 23/32 MP: 5/5
  1705 | D:2      | Reached skill level 5 in Axes
  1715 | D:2      | Found a faded altar of an unknown god.
  1751 | D:2      | 1751 ||| Stepping ~*~*~tactically~*~*~ (stealth).
  1912 | D:2      | 1912 ||| DROPPING +0 whip.
  2016 | D:2      | Noticed Natasha
  2017 | D:2      | 2017 ||| Stepping ~*~*~tactically~*~*~ (stealth).
  2020 | D:2      | Killed Natasha
  2117 | D:2      | Noticed Natasha
  2124 | D:2      | Killed Natasha
  2190 | D:2      | 2190 ||| READING scroll labelled HECYUM OGHE.
  2193 | D:2      | 2193 ||| READING 4 scrolls labelled LAEGHAJOITH.
  2194 | D:2      | 2194 ||| READING scroll labelled TACHIA SEWYMYN.
  2195 | D:2      | 2195 ||| READING scroll labelled IGEDGHE CURPHAFE.
  2196 | D:2      | 2196 ||| DRINKING 2 bubbling silvery potions.
  2196 | D:2      | Gained mutation: Your muscles are strong. (Str +4, Int/Dex
                  | -1) [potion of mutation]
  2196 | D:2      | Gained mutation: You are somewhat resistant to further
                  | mutation. [potion of mutation]
  2197 | D:2      | 2197 ||| DROPPING 3 scrolls of noise.
  2293 | D:3      | 2293 ||| Stepping ~*~*~tactically~*~*~ (stealth).
  2295 | D:3      | 2295 ||| Stepping ~*~*~tactically~*~*~ (hiding).
  2304 | D:3      | Reached XP level 6. HP: 22/38 MP: 6/6
  2306 | D:3      | 2306 ||| FLEEEEING.
  2307 | D:3      | 2307 ||| FLEEEEING.
  2308 | D:3      | 2308 ||| FLEEEEING.
  2309 | D:3      | 2309 ||| FLEEEEING.
  2310 | D:3      | 2310 ||| FLEEEEING.
  2311 | D:3      | 2311 ||| FLEEEEING.
  2312 | D:3      | 2312 ||| STAIRDANCE
  2443 | D:3      | 2443 ||| STAIRDANCE
  2519 | D:2      | 2519 ||| DROPPING +0 flail.
  2552 | D:3      | 2552 ||| Stepping ~*~*~tactically~*~*~ (hiding).
  2553 | D:3      | 2553 ||| Stepping ~*~*~tactically~*~*~ (hiding).
  2556 | D:3      | 2556 ||| Stepping ~*~*~tactically~*~*~ (hiding).
  2828 | D:3      | 2828 ||| Stepping ~*~*~tactically~*~*~ (stealth).
  2829 | D:3      | 2829 ||| Stepping ~*~*~tactically~*~*~ (stealth).
  2830 | D:3      | 2830 ||| Stepping ~*~*~tactically~*~*~ (stealth).
  2832 | D:3      | 2832 ||| Stepping ~*~*~tactically~*~*~ (stealth).
  2840 | D:3      | 2840 ||| Stepping ~*~*~tactically~*~*~ (stealth).
  3090 | D:3      | 3090 ||| Stepping ~*~*~tactically~*~*~ (hiding).
  3243 | D:3      | Reached skill level 6 in Axes
  3462 | D:3      | Found a glowing golden altar of the Shining One.
  3513 | D:3      | 3513 ||| DRINKING 2 green potions.
  3547 | D:4      | 3547 ||| PLANNING OSSUARY
  3632 | D:4      | 3632 ||| Stepping ~*~*~tactically~*~*~ (hiding).
  3737 | D:4      | Noticed Blork the orc
  3745 | D:4      | Killed Blork the orc
  3746 | D:4      | Reached XP level 7. HP: 29/43 MP: 7/7
  4090 | D:4      | Found a sand-covered staircase.
  4091 | D:4      | 4091 ||| DROPPING amulet of faith.
  4092 | D:4      | 4092 ||| READING 2 scrolls of identify.
  4092 | D:4      | 4092 ||| IDENTIFYING fuming black potion
  4101 | Ossuary  | Entered an ossuary
  4205 | Ossuary  | Reached skill level 7 in Axes
  4335 | Ossuary  | Reached skill level 1 in Dodging
  4446 | Ossuary  | Reached skill level 1 in Throwing
  4553 | Ossuary  | 4553 ||| READING scroll labelled FAOSOW EXEYNT.
  4554 | Ossuary  | 4554 ||| READING 2 scrolls labelled ZAEFFI ILIE.
  4555 | Ossuary  | 4555 ||| READING 2 scrolls labelled RUENAF AZIMUTT.
  4556 | Ossuary  | 4556 ||| DRINKING 2 grey potions.
  4557 | Ossuary  | 4557 ||| READING 2 scrolls of identify.
  4557 | Ossuary  | 4557 ||| IDENTIFYING coppery potion
  4558 | Ossuary  | 4558 ||| DROPPING potion of degeneration.
  4559 | Ossuary  | 4559 ||| DROPPING scroll of summoning.
  4571 | D:4      | 4571 ||| PLANNING D:1-11
  4628 | D:4      | 4628 ||| Stepping ~*~*~tactically~*~*~ (stealth).
  4637 | D:4      | Reached XP level 8. HP: 32/49 MP: 8/8
  4658 | D:4      | HP: 11/49 [orc wizard/puff of flame (4)]
  4659 | D:4      | 4659 ||| READING scroll of teleportation.
  4660 | D:4      | 4660 ||| DRINKING 4 potions of heal wounds.
  4661 | D:4      | 4661 ||| DRINKING potion of curing.
  4661 | D:4      | 4661 ||| (to cure confusion)
  4684 | D:4      | 4684 ||| Stepping ~*~*~tactically~*~*~ (stealth).
  4695 | D:4      | Reached skill level 8 in Axes
  4782 | D:4      | 4782 ||| Stepping ~*~*~tactically~*~*~ (stealth).
  4939 | D:4      | 4939 ||| READING 3 scrolls of identify.
  4939 | D:4      | 4939 ||| IDENTIFYING fuming sapphire potion
  4940 | D:4      | 4940 ||| READING 2 scrolls of identify.
  4940 | D:4      | 4940 ||| IDENTIFYING smoky clear potion
  4941 | D:4      | 4941 ||| DROPPING potion of invisibility.
  4952 | D:5      | Entered Level 5 of the Dungeon
  5020 | D:5      | Reached skill level 6 in Fighting
  5135 | D:5      | Found a staircase to the Ecumenical Temple.
  5136 | D:5      | 5136 ||| PLANNING TEMPLE
  5144 | Temple   | Entered the Ecumenical Temple
  5228 | Temple   | 5228 ||| PLANNING OKAWARU WORSHIP
  5444 | Temple   | Became a worshipper of Warmaster Okawaru
  5445 | Temple   | 5445 ||| PLANNING D:1-11
  5565 | D:5      | 5565 ||| Stepping ~*~*~tactically~*~*~ (hiding).
  5708 | D:5      | 5708 ||| READING scroll of enchant weapon.
  5708 | D:5      | 5708 ||| ENCHANTING +1 war axe of draining.
  5850 | D:5      | Reached skill level 9 in Axes
  6017 | D:5      | 6017 ||| READING 2 scrolls of enchant weapon.
  6017 | D:5      | 6017 ||| ENCHANTING +2 war axe of draining.
  6018 | D:5      | 6018 ||| READING scroll of enchant weapon.
  6018 | D:5      | 6018 ||| ENCHANTING +3 war axe of draining.
  6036 | D:5      | Reached XP level 9. HP: 55/55 MP: 9/9
  6135 | D:5      | 6135 ||| Stepping ~*~*~tactically~*~*~ (hiding).
  6136 | D:5      | 6136 ||| Stepping ~*~*~tactically~*~*~ (hiding).
  6363 | D:5      | Reached * piety under Okawaru
  6587 | D:5      | 6587 ||| READING 3 scrolls of identify.
  6587 | D:5      | 6587 ||| IDENTIFYING fuming puce potion
  6888 | D:6      | Reached skill level 1 in Invocations
  7005 | D:6      | 7005 ||| INVOKING Heroism.
  7025 | D:6      | 7025 ||| INVOKING Heroism.
  7154 | D:6      | 7154 ||| Stepping ~*~*~tactically~*~*~ (stealth).
  7160 | D:6      | 7160 ||| Stepping ~*~*~tactically~*~*~ (stealth).
  7166 | D:6      | 7166 ||| Stepping ~*~*~tactically~*~*~ (stealth).
  7168 | D:6      | 7168 ||| Stepping ~*~*~tactically~*~*~ (stealth).
  7174 | D:6      | 7174 ||| INVOKING Heroism.
  7196 | D:6      | 7196 ||| INVOKING Heroism.
  7201 | D:6      | 7201 ||| Stepping ~*~*~tactically~*~*~ (stealth).
  7202 | D:6      | 7202 ||| INVOKING Heroism.
  7218 | D:6      | 7218 ||| Stepping ~*~*~tactically~*~*~ (stealth).
  7224 | D:6      | 7224 ||| Stepping ~*~*~tactically~*~*~ (stealth).
  7225 | D:6      | 7225 ||| Stepping ~*~*~tactically~*~*~ (stealth).
  7228 | D:6      | 7228 ||| Stepping ~*~*~tactically~*~*~ (hiding).
  7427 | D:6      | 7427 ||| Stepping ~*~*~tactically~*~*~ (stealth).
  7429 | D:6      | 7429 ||| FLEEEEING.
  7430 | D:6      | 7430 ||| FLEEEEING.
  7431 | D:6      | 7431 ||| FLEEEEING.
  7432 | D:6      | 7432 ||| FLEEEEING.
  7433 | D:6      | 7433 ||| FLEEEEING.
  7434 | D:6      | 7434 ||| FLEEEEING.
  7435 | D:6      | 7435 ||| FLEEEEING.
  7436 | D:6      | 7436 ||| FLEEEEING.
  7437 | D:6      | 7437 ||| FLEEEEING.
  7438 | D:6      | 7438 ||| FLEEEEING.
  7439 | D:6      | 7439 ||| FLEEEEING.
  7440 | D:6      | 7440 ||| FLEEEEING.
  7441 | D:6      | 7441 ||| FLEEEEING.
  7442 | D:6      | 7442 ||| FLEEEEING.
  7443 | D:6      | 7443 ||| FLEEEEING.
  7444 | D:6      | 7444 ||| FLEEEEING.
  7445 | D:6      | 7445 ||| FLEEEEING.
  7446 | D:6      | 7446 ||| FLEEEEING.
  7447 | D:6      | 7447 ||| FLEEEEING.
  7448 | D:6      | 7448 ||| FLEEEEING.
  7449 | D:6      | 7449 ||| FLEEEEING.
  7450 | D:6      | 7450 ||| FLEEEEING.
  7451 | D:6      | 7451 ||| FLEEEEING.
  7452 | D:6      | 7452 ||| FLEEEEING.
  7453 | D:6      | 7453 ||| FLEEEEING.
  7455 | D:6      | 7455 ||| INVOKING Heroism.
  7457 | D:6      | 7457 ||| Stepping ~*~*~tactically~*~*~ (hiding).
  7458 | D:6      | 7458 ||| Stepping ~*~*~tactically~*~*~ (hiding).
  7459 | D:6      | 7459 ||| Stepping ~*~*~tactically~*~*~ (hiding).
  7468 | D:6      | 7468 ||| Stepping ~*~*~tactically~*~*~ (stealth).
  7469 | D:6      | 7469 ||| Stepping ~*~*~tactically~*~*~ (stealth).
  7510 | D:6      | 7510 ||| Stepping ~*~*~tactically~*~*~ (stealth).
  7511 | D:6      | 7511 ||| Stepping ~*~*~tactically~*~*~ (stealth).
  7516 | D:6      | Reached skill level 3 in Invocations
  7519 | D:6      | Found a bloodstained altar of Trog.
  7524 | D:6      | 7524 ||| DRINKING potion of curing.
  7524 | D:6      | 7524 ||| (to cure confusion)
  7525 | D:6      | 7525 ||| INVOKING Heroism.
  7975 | D:6      | 7975 ||| READING scroll labelled INTOLI MUGI.
  8107 | D:7      | 8107 ||| Stepping ~*~*~tactically~*~*~ (stealth).
  8108 | D:7      | 8108 ||| Stepping ~*~*~tactically~*~*~ (stealth).
  8109 | D:7      | 8109 ||| Stepping ~*~*~tactically~*~*~ (stealth).
  8110 | D:7      | 8110 ||| Stepping ~*~*~tactically~*~*~ (stealth).
  8147 | D:7      | 8147 ||| Stepping ~*~*~tactically~*~*~ (stealth).
  8242 | D:7      | 8242 ||| Stepping ~*~*~tactically~*~*~ (hiding).
  8243 | D:7      | 8243 ||| Stepping ~*~*~tactically~*~*~ (hiding).
  8245 | D:7      | 8245 ||| Stepping ~*~*~tactically~*~*~ (hiding).
  8268 | D:7      | Found a runed translucent gate.
  8268 | D:7      | Found a runed translucent gate.
  8268 | D:7      | Found a runed translucent gate.
  8273 | D:7      | Noticed qw's ghost (novice GrFi)
  8292 | D:7      | 8292 ||| DROPPING +2 flail of protection.
  8299 | D:7      | 8299 ||| Stepping ~*~*~tactically~*~*~ (hiding).
  8307 | D:7      | 8307 ||| FLEEEEING.
  8309 | D:7      | 8309 ||| FLEEEEING.
  8310 | D:7      | 8310 ||| FLEEEEING.
  8311 | D:7      | 8311 ||| FLEEEEING.
  8312 | D:7      | 8312 ||| FLEEEEING.
  8314 | D:7      | 8314 ||| FLEEEEING.
  8315 | D:7      | 8315 ||| FLEEEEING.
  8316 | D:7      | 8316 ||| FLEEEEING.
  8317 | D:7      | 8317 ||| FLEEEEING.
  8318 | D:7      | 8318 ||| FLEEEEING.
  8319 | D:7      | 8319 ||| FLEEEEING.
  8321 | D:7      | 8321 ||| FLEEEEING.
  8322 | D:7      | 8322 ||| FLEEEEING.
  8323 | D:7      | 8323 ||| FLEEEEING.
  8324 | D:7      | 8324 ||| FLEEEEING.
  8325 | D:7      | 8325 ||| FLEEEEING.
  8326 | D:7      | 8326 ||| STAIRDANCE
  8370 | D:6      | 8370 ||| READING scroll labelled BOUMOSCH AS NUPP.
  8433 | D:6      | 8433 ||| READING 3 scrolls of identify.
  8433 | D:6      | 8433 ||| IDENTIFYING inky potion
  8466 | D:7      | 8466 ||| INVOKING Heroism.
  8468 | D:7      | Reached skill level 10 in Axes
  8759 | D:7      | Reached XP level 10. HP: 64/64 MP: 13/13
  8944 | D:7      | 8944 ||| Stepping ~*~*~tactically~*~*~ (stealth).
  8947 | D:7      | 8947 ||| Stepping ~*~*~tactically~*~*~ (stealth).
  8964 | D:7      | 8964 ||| Stepping ~*~*~tactically~*~*~ (stealth).
  9014 | D:7      | 9014 ||| Stepping ~*~*~tactically~*~*~ (hiding).
  9037 | D:7      | Found a radiant altar of Vehumet.
  9038 | D:7      | 9038 ||| INVOKING Heroism.
  9204 | D:8      | 9204 ||| INVOKING Heroism.
  9253 | D:8      | 9253 ||| INVOKING Heroism.
  9262 | D:8      | 9262 ||| Stepping ~*~*~tactically~*~*~ (hiding).
  9285 | D:8      | 9285 ||| Stepping ~*~*~tactically~*~*~ (hiding).
  9286 | D:8      | 9286 ||| Stepping ~*~*~tactically~*~*~ (hiding).
  9287 | D:8      | 9287 ||| Stepping ~*~*~tactically~*~*~ (hiding).
  9288 | D:8      | 9288 ||| FLEEEEING.
  9290 | D:8      | 9290 ||| INVOKING Heroism.
  9295 | D:8      | HP: 12/64 [orc priest/divine providence (9)]
  9296 | D:8      | 9296 ||| READING 2 scrolls of teleportation.
  9297 | D:8      | 9297 ||| DRINKING 5 potions of heal wounds.
  9299 | D:8      | Reached ** piety under Okawaru
  9498 | D:8      | 9498 ||| Stepping ~*~*~tactically~*~*~ (stealth).
  9505 | D:8      | Reached skill level 3 in Throwing
  9512 | D:8      | Noticed a gargoyle
  9513 | D:8      | 9513 ||| Stepping ~*~*~tactically~*~*~ (stealth).
  9522 | D:8      | 9522 ||| Stepping ~*~*~tactically~*~*~ (stealth).
  9525 | D:8      | Killed a gargoyle
  9625 | D:8      | 9625 ||| Stepping ~*~*~tactically~*~*~ (hiding).
  9626 | D:8      | 9626 ||| Stepping ~*~*~tactically~*~*~ (hiding).
  9730 | D:8      | 9730 ||| Stepping ~*~*~tactically~*~*~ (stealth).
  9732 | D:8      | 9732 ||| Stepping ~*~*~tactically~*~*~ (stealth).
  9741 | D:8      | Found a burning altar of Makhleb.
  9752 | D:8      | 9752 ||| Stepping ~*~*~tactically~*~*~ (stealth).
  9754 | D:8      | 9754 ||| INVOKING Heroism.
  9758 | D:8      | Reached skill level 11 in Axes
  9798 | D:8      | Noticed a two-headed ogre
  9799 | D:8      | 9799 ||| Stepping ~*~*~tactically~*~*~ (stealth).
  9800 | D:8      | 9800 ||| Stepping ~*~*~tactically~*~*~ (stealth).
  9802 | D:8      | 9802 ||| INVOKING Heroism.
  9806 | D:8      | Killed a two-headed ogre
  9830 | D:8      | 9830 ||| INVOKING Heroism.
  9839 | D:8      | Reached *** piety under Okawaru
  9905 | D:8      | 9905 ||| Stepping ~*~*~tactically~*~*~ (stealth).
  9912 | D:8      | 9912 ||| Stepping ~*~*~tactically~*~*~ (hiding).
  9914 | D:8      | 9914 ||| Stepping ~*~*~tactically~*~*~ (hiding).
 10223 | D:8      | Found a staircase to the Lair.
 10267 | D:8      | 10267 ||| PLANNING LAIR
 10267 | D:8      | 10267 ||| READING 2 scrolls of identify.
 10267 | D:8      | 10267 ||| IDENTIFYING fizzy red potion
 10286 | Lair:1   | Entered Level 1 of the Lair of Beasts
 10306 | Lair:1   | 10306 ||| INVOKING Heroism.
 10311 | Lair:1   | Reached skill level 9 in Fighting
 10355 | Lair:1   | Reached XP level 11. HP: 71/71 MP: 14/14
 10419 | Lair:1   | 10419 ||| Stepping ~*~*~tactically~*~*~ (stealth).
 10430 | Lair:1   | 10430 ||| INVOKING Heroism.
 10522 | Lair:1   | 10522 ||| INVOKING Heroism.
 10532 | Lair:1   | Reached skill level 12 in Axes
 10547 | Lair:1   | Reached **** piety under Okawaru
 10548 | Lair:1   | 10548 ||| Stepping ~*~*~tactically~*~*~ (stealth).
 10572 | Lair:1   | Noticed a minotaur
 10572 | Lair:1   | Noticed Olid's ghost (journeyman DrCj)
 10648 | Lair:1   | 10648 ||| INVOKING Heroism.
 10711 | Lair:1   | Found a runed translucent gate.
 10712 | Lair:1   | Found a runed translucent gate.
 10713 | Lair:1   | Found a runed translucent gate.
 10721 | Lair:1   | 10721 ||| INVOKING Heroism.
 10839 | Lair:1   | Noticed Urug
 10840 | Lair:1   | 10840 ||| INVOKING Heroism.
 10850 | Lair:1   | Killed Urug
 10850 | Lair:1   | Received a gift from Okawaru
 11362 | Lair:1   | 11362 ||| READING scroll labelled BANYLO TIR SAS.
 11442 | Lair:2   | 11442 ||| Stepping ~*~*~tactically~*~*~ (stealth).
 11444 | Lair:2   | 11444 ||| INVOKING Heroism.
 11455 | Lair:2   | Reached skill level 6 in Shields
 11455 | Lair:2   | Reached ***** piety under Okawaru
 11460 | Lair:2   | Reached skill level 6 in Armour
 11460 | Lair:2   | Reached skill level 6 in Invocations
 11578 | Lair:2   | 11578 ||| INVOKING Heroism.
 11609 | Lair:2   | 11609 ||| Stepping ~*~*~tactically~*~*~ (stealth).
 11610 | Lair:2   | 11610 ||| Stepping ~*~*~tactically~*~*~ (stealth).
 11611 | Lair:2   | 11611 ||| Stepping ~*~*~tactically~*~*~ (stealth).
 11629 | Lair:2   | 11629 ||| Stepping ~*~*~tactically~*~*~ (stealth).
 11631 | Lair:2   | 11631 ||| Stepping ~*~*~tactically~*~*~ (stealth).
 11640 | Lair:2   | 11640 ||| Stepping ~*~*~tactically~*~*~ (stealth).
 11641 | Lair:2   | 11641 ||| INVOKING Heroism.
 11666 | Lair:2   | 11666 ||| FLEEEEING.
 11670 | Lair:2   | 11670 ||| Stepping ~*~*~tactically~*~*~ (stealth).
 11674 | Lair:2   | HP: 7/72 [komodo dragon (14)]
 11675 | Lair:2   | 11675 ||| READING 2 scrolls of teleportation.
 11676 | Lair:2   | 11676 ||| DRINKING 4 potions of heal wounds.
 11677 | Lair:2   | 11677 ||| INVOKING Heroism.
 11881 | Lair:2   | Noticed a boulder beetle
 11882 | Lair:2   | 11882 ||| INVOKING Heroism.
 11883 | Lair:2   | 11883 ||| INVOKING Finesse.
 11887 | Lair:2   | Killed a boulder beetle
 12070 | Lair:2   | Reached XP level 12. HP: 73/77 MP: 17/17
 12212 | Lair:2   | 12212 ||| Stepping ~*~*~tactically~*~*~ (hiding).
 12213 | Lair:2   | 12213 ||| Stepping ~*~*~tactically~*~*~ (hiding).
 12217 | Lair:2   | 12217 ||| INVOKING Heroism.
 12221 | Lair:2   | Received a gift from Okawaru
 12221 | Lair:2   | Found the +8 Wrath of Trog {antimagic, *Rage Rampage}
 12390 | Lair:2   | Found a hole to the Spider Nest.
 12455 | Lair:2   | 12455 ||| INVOKING Heroism.
 12456 | Lair:2   | 12456 ||| INVOKING Finesse.
 12764 | Lair:2   | Identified the +5 falchion "Bosimn" {flame, rC- rCorr
                  | Int+4}
 12786 | Lair:2   | 12786 ||| Stepping ~*~*~tactically~*~*~ (stealth).
 12788 | Lair:2   | 12788 ||| INVOKING Heroism.
 12877 | Lair:2   | 12877 ||| INVOKING Heroism.
 13433 | Lair:2   | 13433 ||| DROPPING ring of wizardry.
 13434 | Lair:2   | 13434 ||| READING 2 scrolls of identify.
 13434 | Lair:2   | 13434 ||| IDENTIFYING bubbling yellow potion
 13435 | Lair:2   | 13435 ||| DROPPING potion of ambrosia.
 13479 | Lair:3   | 13479 ||| INVOKING Heroism.
 13490 | Lair:3   | Reached skill level 9 in Invocations
 13791 | Lair:3   | 13791 ||| Stepping ~*~*~tactically~*~*~ (hiding).
 13792 | Lair:3   | 13792 ||| INVOKING Heroism.
 13937 | Lair:3   | Reached skill level 13 in Axes
 14025 | Lair:3   | Noticed Amaemon
 14026 | Lair:3   | 14026 ||| INVOKING Heroism.
 14036 | Lair:3   | Killed Amaemon
 14168 | Lair:3   | 14168 ||| DROPPING +3 morningstar of freezing.
 14250 | Lair:3   | Noticed a six-headed hydra
 14251 | Lair:3   | 14251 ||| Stepping ~*~*~tactically~*~*~ (stealth).
 14251 | Lair:3   | Noticed a seven-headed hydra
 14252 | Lair:3   | 14252 ||| INVOKING Heroism.
 14253 | Lair:3   | 14253 ||| SWAPPING to -1 demon whip of venom.
 14254 | Lair:3   | 14254 ||| INVOKING Finesse.
 14254 | Lair:3   | HP: 13/77 [six-headed hydra (10)]
 14254 | Lair:3   | HP: 4/77 [komodo dragon (9)]
 14255 | Lair:3   | 14255 ||| READING scroll of teleportation.
 14255 | Lair:3   | Slain by a six-headed hydra

Levels and vault maps discovered:
D:1:      ncdulo_halloftheorcs, layout_loops_ring, minmay_tetromino_i4
D:2:      layout_loops_ring, shapermc_ecumenical_altar_ellora,
          minmay_increasing_density, uniq_natasha
D:3:      minmay_door_path, layout_rooms, tso_altar,
          chequers_serial_rivers_large_a
D:4:      lemuel_castle_with_subvaults [lemuel_castle_interior_carwin_3],
          layout_cave_pools, enter_ossuary_3, uniq_blork_the_orc
D:5:      layout_layer_cave, temple_doors_e, serial_bayou_ford_a
D:6:      kennysheep_kobold_camp, layout_basic, lemuel_crystal_altar
D:7:      layout_loops_cross, vehumet_statue, ebering_ghost_rock_garden
D:8:      layout_gridville, kennysheep_mini_moat, erik_lair_orcish_takeover,
          nicolae_straight_to_the_point
Temple:   minmay_temple_bridge_d
Lair:1:   layout_loops_ring, maelrawn_ghost_gauntlet_escape, lemuel_fruit_tree,
          grunt_megastairs_5, uniq_urug
Lair:2:   layout_cave_pods, hellmonk_spider_entry_life_and_decay,
          nzn_sisyphean_effort, grunt_megastairs_1
Lair:3:   layout_misc_corridors, palyth_hydra_swamp_entry,
          grunt_forest_small_clearing_treed, uniq_amaemon

Skill      XL: |  1  2  3  4  5  6  7  8  9 10 11 12 |
---------------+-------------------------------------+-----
Axes           | 2 3 4 5 6 7 9 10 11 12 13 | 13.0
Fighting       | 4 5 6 7 9 10 | 10.0
Dodging        | 1 2 |  2.0
Throwing       | 1 3 |  3.7
Shields        | 4 5 6 |  6.0
Invocations    | 4 7 9 |  9.8
Armour         | 4 5 6 |  6.0

Action                   |  1- 3 |  4- 6 |  7- 9 | 10-12 || total
-------------------------+-------+-------+-------+-------++-------
Melee: War axe           |    78 |   120 |   327 |   300 ||   825
Throw: Boomerang         |    15 |    37 |    63 |     4 ||   119
       Javelin           |       |       |       |    68 ||    68
Invok: Heroism           |       |       |     7 |    26 ||    33
       Finesse           |       |       |       |     3 ||     3
  Use: Scroll            |     4 |     4 |    15 |     6 ||    29
       Potion            |       |     2 |     4 |     2 ||     8
Armor: Scale mail        |    38 |       |       |       ||    38
       Chain mail        |    11 |    68 |   141 |   132 ||   352
Dodge: Dodged            |    33 |    43 |   106 |    97 ||   279
Block: Buckler           |    11 |    16 |    47 |    57 ||   131

Table legend:
 A = Non-vault XP
 B = Vault XP
 C = Vault XP percentage of total XP
 D = Non-vault monster count
 E = Vault monster count
 F = Vault count percentage of total count
                 A         B        C        D         E       F
            +---------+---------+-------+---------+---------+-------
      Total |   20091 |    6215 |  23.6 |     247 |     147 |  37.3
            +---------+---------+-------+---------+---------+-------
        D:1 |      34 |       2 |   5.6 |      19 |       2 |   9.5
        D:2 |     129 |     150 |  53.8 |      22 |      10 |  31.2
        D:3 |     249 |       6 |   2.4 |      27 |       3 |  10.0
        D:4 |      40 |     668 |  94.4 |       9 |      54 |  85.7
        D:5 |    1081 |       0 |   0.0 |      21 |       0 |   0.0
        D:6 |     669 |     135 |  16.8 |      23 |      21 |  47.7
        D:7 |    1654 |      32 |   1.9 |      25 |       1 |   3.8
        D:8 |    2785 |     643 |  18.8 |      35 |       9 |  20.5
     Lair:1 |    3716 |     790 |  17.5 |      17 |       1 |   5.6
     Lair:2 |    6838 |    2261 |  24.8 |      33 |       7 |  17.5
     Lair:3 |    2896 |    1163 |  28.7 |      16 |       2 |  11.1
    Ossuary |       0 |     365 | 100.0 |       0 |      37 | 100.0
            +---------+---------+-------+---------+---------+-------
